 Dungeon Crawl Stone Soup version 0.27-a0-828-g8289197e94 (webtiles) character file.

Game seed: 6489970744919382536

198 polve the Changer (level 5, -3/40 HPs)
             Began as a Draconian Transmuter on Mar 30, 2021.
             Slain by an orc wizard
             ... wielding a +2 dagger of speed
              (4 damage)
             ... on level 2 of the Dungeon.
             The game lasted 00:03:41 (4153 turns).

polve the Changer (Draconian Transmuter)            Turns: 4153, Time: 00:03:41

Health: -3/40      AC:  5    Str: 13    XL:     5   Next: 47%
Magic:  8/8        EV: 12    Int: 14    God:
Gold:   129        SH:  0    Dex: 11    Spells: 7/8 levels left

rFire    . . .     SeeInvis .   c - +0 flail (protect)
rCold    . . .     Faith    .   (no shield)
rNeg     . . .     Spirit   .   (armour unavailable)
rPois    .         Reflect  .   (helmet restricted)
rElec    .         Harm     .   (no cloak)
rCorr    .         Rampage  .   (no gloves)
Will     .....                  (no boots)
Stlth    +.........             (no amulet)
HPRegen  0.13/turn              (no ring)
MPRegen  0.11/turn              (no ring)

@: no status effects
A: AC +5, unfitting armour, cold-blooded
a: no special abilities


You were on level 2 of the Dungeon.
You visited 1 branch of the dungeon, and saw 3 of its levels.

You collected 129 gold pieces.

Inventory:

Hand Weapons
 b - a +0 dagger of holy wrath
 c - a +0 flail of protection (weapon)
Scrolls
 a - 4 scrolls of identify {unknown}
 d - a scroll of teleportation {unknown}
 e - a scroll of vulnerability {unknown}
 f - a scroll of summoning {unknown}
 g - a scroll of amnesia {unknown}


   Skills:
 - Level 1.1 Fighting
 - Level 1.7 Dodging
 - Level 3.0 Unarmed Combat
 - Level 2.0 Spellcasting
 + Level 5.8 Transmutations


You had 7 spell levels left.
You knew the following spells:

 Your Spells              Type           Power      Damage    Failure   Level
a - Beastly Appendage     Tmut           34%        N/A       2%          1

Your spell library contained the following spells:

 Spells                   Type           Power      Damage    Failure   Level
 Wereblood                Tmut           17%        N/A       3%          2
 Spider Form              Tmut/Pois      4%         N/A       22%         3
 Hydra Form               Tmut           8%         N/A       52%         5
 Ice Form                 Ice/Tmut       9%         N/A       56%         4


Dungeon Overview and Level Annotations

Branches:
Dungeon (3/15)

Altars:


Innate Abilities, Weirdness & Mutations

Your plain brown scales are hard. (AC +5)
You cannot fit into any form of body armour.
You are cold-blooded and may be slowed by cold attacks.


Message History

The orc wizard hits you with a +2 dagger of speed.
The orc wizard hits you but does no damage.
You closely miss the orc wizard. Your kick misses the orc wizard.
The orc wizard is moderately wounded.
The orc wizard hits you but does no damage.
The orc wizard hits you with a +2 dagger of speed.
You closely miss the orc wizard.
The orc wizard is moderately wounded.
The orc wizard gestures at you while chanting.
The puff of flame hits you. The orc wizard completely misses you.
Your horns disappear.
Your talons disappear.
The orc wizard closely misses you.
You climb upwards.
There is a stone staircase leading down, spattered with blood here.
You barely miss the orc wizard. You tail-slap the orc wizard.
The orc wizard is heavily wounded.
The orc wizard barely misses you. The orc wizard closely misses you.
You closely miss the orc wizard.
The orc wizard is heavily wounded.
The orc wizard gestures at you while chanting.
The puff of flame hits you.
The orc wizard hits you with a +2 dagger of speed.
You closely miss the orc wizard.
The orc wizard is heavily wounded.
The orc wizard barely misses you. The orc wizard casts a spell at you.
The puff of flame hits you!
* * * LOW HITPOINT WARNING * * *
You aren't carrying any potions.
You completely miss the orc wizard.
The orc wizard is heavily wounded.
The orc wizard points at you and mumbles some strange words.
You resist with some effort.
You closely miss the orc wizard.
The orc wizard is heavily wounded.
The orc wizard points at you and mumbles some strange words.
The magic dart hits you.
* * * LOW HITPOINT WARNING * * *
The orc wizard hits you with a +2 dagger of speed.
You die...

#......###########.##...##
#####..# ##### #.##...## #..##
#...# #.#....## #..[# #...#
#.#...### ##>.###...####.#...###
###### ####....................
#....###.......#...####(#######
#....##......[o#...# #......##.
###....##.......@#...# #......##.
..#....##........#...# #......##.
...(...##.#.#.##########......##.
..##.####.#.#.# #.....##......##.
..##.# #.#.#.###.....###.######.
..##.# #.#.#.............# #.
..##.####.#.#####.....###### #.
####(............######....#####.
##########.......# #......(##.


You could see an orc wizard.

Vanquished Creatures
  An orc priest (D:2)
  Natasha (thrice) (D:2)
  3 gnolls
  An adder (D:2)
  A worm (D:2)
  A dart slug (D:1)
  An orc (D:2)
  A bat (D:1)
  8 endoplasms
  4 giant cockroaches
  4 goblins
  4 hobgoblins
  5 jackals (D:1)
  4 kobolds (D:2)
  4 ball pythons
  5 rats
50 creatures vanquished.

Notes
Turn   | Place    | Note
-------+----------+-------------------------------------------
     0 | D:1      | polve the Draconian Transmuter began the quest for the Orb.
     0 | D:1      | Reached XP level 1. HP: 16/16 MP: 3/3
   427 | D:1      | Reached XP level 2. HP: 20/23 MP: 3/5
   721 | D:1      | Reached skill level 3 in Transmutations
  1136 | D:1      | Reached XP level 3. HP: 28/28 MP: 4/6
  1441 | D:2      | Noticed Natasha
  1451 | D:2      | Killed Natasha
  1452 | D:2      | Reached skill level 4 in Transmutations
  1662 | D:1      | Reached XP level 4. HP: 25/35 MP: 5/7
  3017 | D:2      | Reached skill level 5 in Transmutations
  3061 | D:2      | Noticed Natasha
  3072 | D:2      | Killed Natasha
  3073 | D:2      | Reached XP level 5. HP: 30/40 MP: 8/8
  3534 | D:2      | Noticed Natasha
  3543 | D:2      | Killed Natasha
  4153 | D:2      | HP: 1/40 [orc wizard/magic dart (6)]
  4153 | D:2      | Slain by an orc wizard

Illustrated notes

Levels and vault maps discovered:
D:1:      amcnicky_arrival_feature_with_door, layout_loops_ring,
          chequers_serial_rivers_small_b
D:2:      layout_basic, uniq_natasha
D:3:      lemuel_upstairs_altar, layout_loops_ring,
          grunt_temple_overflow_order_and_chaos_2, lemuel_crystal_altar,
          ebering_ghost_rock_garden, supply_closet_lemuel

Skill      XL: |  1  2  3  4 |
---------------+-------------+-----
Transmutations | 3 4 5 |  5.8
Fighting       | |  1.1
Dodging        | |  1.7
Unarmed Combat | |  3.0
Spellcasting   | |  2.0

Action                   |  1- 3 |  4- 6 || total
-------------------------+-------+-------++-------
Melee: Unarmed           |    92 |    19 ||   111
       Kick              |    12 |    18 ||    30
       Tailslap          |     5 |    18 ||    23
       Headbutt          |     3 |    12 ||    15
       Flail             |       |    66 ||    66
       Punch             |       |     1 ||     1
 Cast: Beastly Appendage |    12 |    21 ||    33
  Use: Potion            |       |     1 ||     1
Armor: Skin              |    17 |    28 ||    45
Dodge: Dodged            |    45 |    53 ||    98

Table legend: (Time is in decaauts)
 A = Elapsed time spent in this place.
 B = Non-inter-level travel time spent in this place.
 C = Inter-level travel time spent in this place.
 D = Time resting spent in this place.
 E = Time spent auto-exploring this place.
 F = Levels seen in this place.
 G = Mean time per level.
                   A        B        C        D        E       F      G
               +--------+--------+--------+--------+--------+-----+--------+
         Total |   4178 |   4037 |    141 |      0 |   3426 |   3 | 1392.7 |
       Dungeon |   4178 |   4037 |    141 |      0 |   3426 |   3 | 1392.7 |
               +--------+--------+--------+--------+--------+-----+--------+

Top non-repeatable levels by time:
     D:1: 2047 daAuts
     D:2: 2046 daAuts
     D:3: 83 daAuts
